Workbook

Sheet Financial Position
A1: Beta Alpha Psi
A2: Statement of Financial Position — April 30, 2027
A3: School Name:
A4: Chapter Number:
A5: Chapter Name:
B7: ASSETS | C7: Amount ($)
B8: Cash
B9: Accounts receivable
B10: Other current assets
B11: TOTAL ASSETS | C11: =SUM(C8:C10) -> 0
B13: LIABILITIES | C13: Amount ($)
B14: Accounts payable
B15: Other liabilities
B16: TOTAL LIABILITIES | C16: =SUM(C14:C15) -> 0
B18: NET ASSETS | C18: Amount ($)
B19: Without donor restrictions
B20: With donor restrictions
B21: TOTAL NET ASSETS | C21: =SUM(C19:C20) -> 0
B23: TOTAL LIABILITIES + NET ASSETS | C23: =C16+C21 -> 0

Sheet Stmt of Activities
A1: Beta Alpha Psi
A2: Statement of Activities — Year Ended April 30, 2027
A3: School Name: | B3: ='Statement of Financial Position'!B3 -> 0
A4: Chapter Number: | B4: ='Statement of Financial Position'!B4 -> 0
A5: Chapter Name: | B5: ='Statement of Financial Position'!B5 -> 0
B7: REVENUE | C7: With Restrictions ($) | D7: Without Restrictions ($) | E7: Total ($)
B8: Dues & initiation fees | E8: =SUM(C8:D8) -> 0
B9: Donations & fundraising | E9: =SUM(C9:D9) -> 0
B10: Programs & events | E10: =SUM(C10:D10) -> 0
B11: Awards & scholarships | E11: =SUM(C11:D11) -> 0
B12: Other income | E12: =SUM(C12:D12) -> 0
B13: TOTAL REVENUE | C13: =SUM(C8:C12) -> 0 | D13: =SUM(D8:D12) -> 0 | E13: =SUM(E8:E12) -> 0
B15: EXPENSES | C15: With Restrictions ($) | D15: Without Restrictions ($) | E15: Total ($)
B16: Programs & events | E16: =SUM(C16:D16) -> 0
B17: Scholarships | E17: =SUM(C17:D17) -> 0
B18: General & administrative | E18: =SUM(C18:D18) -> 0
B19: Fundraising | E19: =SUM(C19:D19) -> 0
B20: Other expenses | E20: =SUM(C20:D20) -> 0
B21: TOTAL EXPENSES | C21: =SUM(C16:C20) -> 0 | D21: =SUM(D16:D20) -> 0 | E21: =SUM(E16:E20) -> 0
B23: CHANGE IN NET ASSETS | C23: =C13-C21 -> 0 | D23: =D13-D21 -> 0 | E23: =E13-E21 -> 0
B25: Beginning net assets | E25: ='Financial Position'!C21 -> 0
B26: Ending net assets | E26: =E25+E23 -> 0

Sheet Statement of Financial Position
A1: Beta Alpha Psi
A2: Statement of Financial Position as of April 30, 2027
A3: School Name:
A4: Chapter Number:
A5: Chapter Name:
B7: Assets | C7: 46507
B8: Cash
B9: Accounts receivable
B10: Prepaid expenses and other assets
B11: Total Current Assets | C11: =SUM(C8:C10) -> 0
B14: Liabilities and Net Assets
B15: Liabilities:
B16: Accounts payable
B17: Unearned revenue
B18: Total liabilities | C18: =SUM(C16:C17) -> 0
B20: Net Assets:
B21: Unrestricted
B22: Temporarily restricted
B23: Total Net Assets | C23: =SUM(C21:C22) -> 0
B25: Total Liabilties and Net Assets | C25: =C18+C23 -> 0

Sheet Statement of Activities
A1: Beta Alpha Psi
A2: Statement of Activities Year Ended April 30, 2027
A3: School Name: | B3: ='Statement of Financial Position'!B3 -> 0
A4: Chapter Number: | B4: ='Statement of Financial Position'!B4 -> 0
A5: Chapter Name: | B5: ='Statement of Financial Position'!B5 -> 0
B7: REVENUE | C7: With Donor Restrictions | D7: Without Donor Restrictions | E7: Total Budget
B8: Contributions: Support and donations
B9: Fundraising Activities
B10: Award revenue
B11: Contributed Services:
B12: Faculty Advisor
B13: Audit
B14: Dues and Initiation fees
B15: Initiation Dinners
B16: Professional Programs
B17: Scholarships
B18: Chapter Activities
B19: Interest Income
... B24: Satisfaction of equipment requirements
B25: TOTAL REVENUE | C25: =SUM(C9:C24) -> 0 | D25: =SUM(D9:D24) -> 0 | E25: =SUM(E9:E24) -> 0
B27: EXPENSES
B28: Program:
B29: Mid-Year Meeting
B30: Annual Meeting
B31: Initiation Dinners
B32: Chapter Activities
B33: Scholarships
B34: Total Program Expenses | C34: =SUM(C29:C33) -> 0 | D34: =SUM(D29:D33) -> 0 | E34: =SUM(E29:E33) -> 0
B35: Supportive:
B36: General and Administrative
B37: Fundraising Activities
B38: Total Supportive Expenses | C38: =SUM(C36:C37) -> 0 | D38: =SUM(D36:D37) -> 0 | E38: =SUM(E36:E37) -> 0
B39: TOTAL EXPENSES
B41: CHANGE IN NET ASSETS
B42: NET ASSETS, Beginning of year | E42: =SUM(E40:E41) -> 0
B43: NET ASSETS, End of year | E43: =SUM(E41:E42) -> 0
